 Dungeon Crawl Stone Soup version 0.26.1-11-gd32895ea62 (webtiles) character file.

Game seed: 5497878207338938989

560 nothank2 the Firebug (level 7, -1/50 HPs)
             Began as a Red Draconian Fire Elementalist on July 14, 2021.
             Was a Follower of Vehumet.
             Shot with an arrow by a centaur (2 damage)
             ... on level 5 of the Dungeon on July 15, 2021.
             The game lasted 00:24:20 (4929 turns).

nothank2 the Firebug (DrFE)                         Turns: 4929, Time: 00:24:21

Health: -1/50      AC:  7    Str: 16    XL:     7   Next: 9%
Magic:  13/13      EV: 12    Int: 18    God:    Vehumet [*.....]
Gold:   224        SH:  0    Dex: 11    Spells: 6/14 levels left

rFire    + . .     SeeInvis .   u - +1 dagger (venom)
rCold    . . .     Faith    .   (no shield)
rNeg     . . .     Spirit   .   (armour unavailable)
rPois    .         Reflect  .   (helmet restricted)
rElec    .         Harm     .   (no cloak)
rCorr    .         Rampage  .   (no gloves)
Will     .....                  b - +0 pair of boots
Stlth    ++........             (no amulet)
HPRegen  0.16/turn              g - +6 ring of strength
MPRegen  0.13/turn              x - ring of flight

@: hasted, very quick
A: breathe fire, unfitting armour, fire resistance 1, cold-blooded, AC +6
a: Breathe Fire, Renounce Religion, Evoke Flight


You were on level 5 of the Dungeon.
You worshipped Vehumet.
Vehumet was aware of your devotion.
You visited 1 branch of the dungeon, and saw 5 of its levels.

You collected 224 gold pieces.

Inventory:

Hand Weapons
 a - a +0 club
 i - a +1 dagger
 u - a +1 dagger of venom (weapon)
 A - a +2 vorpal spear
Missiles
 f - 6 boomerangs
 r - 41 poisoned darts
Armour
 b - a +0 pair of boots (worn)
Jewellery
 g - a +6 ring of strength (left hand)
 o - a +6 ring of intelligence {unknown}
 v - an uncursed ring of poison resistance
 x - a ring of flight (right hand)
 y - an uncursed ring of fire {unknown}
Wands
 c - a wand of iceblast (5)
 p - a wand of paralysis (6)
 G - a wand of random effects (14)
Scrolls
 d - 5 scrolls of enchant weapon
 k - 5 scrolls of remove curse
 l - 6 scrolls of identify
 t - a scroll of blinking
 w - a scroll of fear
 F - a scroll of enchant armour {unknown}
Potions
 e - 2 potions of curing
 h - 2 potions of degeneration {unknown}
 j - 2 potions of attraction {unknown}
 m - 2 potions of experience {unknown}
 n - a potion of magic {unknown}
 q - 2 potions of cancellation {unknown}
 s - a potion of might {unknown}
 z - a potion of ambrosia {unknown}
 B - a potion of brilliance {unknown}
 D - a potion of berserk rage {unknown}
 E - a potion of flight {unknown}


   Skills:
 - Level 1.7 Dodging
 - Level 1.7 Stealth
 + Level 4.4 Spellcasting
 + Level 4.3 Conjurations
 + Level 6.3 Fire Magic


You had 6 spell levels left.
You knew the following spells:

 Your Spells              Type           Power        Failure   Level
a - Foxfire               Conj/Fire      92%          1%          1
b - Conjure Flame         Conj/Fire      23%          4%          3
c - Sticky Flame          Conj/Fire      23%          16%         4

Your spell library contained the following spells:

 Spells                   Type           Power        Failure   Level
 Sandblast                Erth           6%           14%         1
 Inner Flame              Hex/Fire       15%          12%         3
 Fireball                 Conj/Fire      11%          41%         5


Dungeon Overview and Level Annotations

Branches:
Dungeon (5/15)             Temple (0/1) D:4

Altars:
Nemelex Xobeh
Okawaru
Qazlal
Vehumet
Yredelemnul
Beogh

Shops:
D:4 =

Annotations:
D:3 3 runed translucent doors, Happyhead's ghost, amateur DrCj
D:5 Eustachio


Innate Abilities, Weirdness & Mutations

You can breathe blasts of fire.
Your fiery red scales are hard. (AC +6)
You cannot fit into any form of body armour.
Your flesh is heat resistant. (rF+)
You are cold-blooded and may be slowed by cold attacks.


Message History

You see here an arrow.
The centaur shoots an arrow.
The arrow hits you! The arrow burns you.
You see here an arrow.
The centaur shoots an arrow.
The arrow hits you.
You see here an arrow.
The centaur shoots an arrow.
The arrow barely misses you.
You see here an arrow.
Found a rapier.
The centaur shoots an arrow.
The arrow hits you! The arrow burns you.
You see here a rapier.
The centaur shoots an arrow.
The arrow hits you!
* * * LOW HITPOINT WARNING * * *
The arrow burns you.
* * * LOW HITPOINT WARNING * * *
The centaur shoots an arrow.
The arrow completely misses you.
Okay, then.
You feel yourself speed up.
The centaur shoots an arrow.
The arrow hits you!
* * * LOW HITPOINT WARNING * * *
The arrow burns you.
You die...

........##(.(##..#
.......(.(###..#.#
.........## ##.#.#
......#..# #.#.#
#..#.....# ##c#.#
..........###.##.#
####.#####...###.#
#####.######c####.#
.......@...).# #..#
#####.######## #.##
# #.# #.# #.# #.#
#.# #.# #.#


You could see a centaur.

Vanquished Creatures
  An ice beast (D:4)
  A centaur (D:5)
  A water moccasin skeleton (D:5)
  A scorpion (D:4)
  A howler monkey (D:4)
  A hound (D:4)
  2 worker ants (D:4)
  Robin (D:3)
  6 adders
  A shadow imp (D:5)
  An ufetubus (D:5)
  2 oozes
  2 worms
  3 dart slugs
  2 leopard geckos
  5 orcs (D:3)
  4 bats (D:2)
  3 giant cockroaches
  13 goblins
  5 hobgoblins
  8 jackals
  5 kobolds
  A quokka (D:4)
  A ball python (D:2)
  4 frilled lizards
  A jackal skeleton (D:5)
  A leopard gecko skeleton (D:4)
  6 rats
83 creatures vanquished.

Vanquished Creatures (others)
  159 foxfires
159 creatures vanquished.

Grand Total: 242 creatures vanquished

Notes
Turn   | Place    | Note
-------+----------+-------------------------------------------
     0 | D:1      | nothank2 the Draconian Fire Elementalist began the quest
                  | for the Orb.
     0 | D:1      | Reached XP level 1. HP: 14/14 MP: 3/3
   160 | D:1      | Reached XP level 2. HP: 16/20 MP: 0/5
  1169 | D:1      | Reached XP level 3. HP: 18/26 MP: 4/6
  1383 | D:1      | Learned a level 3 spell: Conjure Flame
  1642 | D:2      | Reached XP level 4. HP: 33/33 MP: 8/8
  2222 | D:2      | Found a sparkling altar of Nemelex Xobeh.
  2222 | D:2      | Found a radiant altar of Vehumet.
  2227 | D:2      | Found a faded altar of an unknown god.
  2230 | D:2      | Became a worshipper of Vehumet
  2233 | D:2      | Found a basalt altar of Yredelemnul.
  2235 | D:2      | Found a faded altar of an unknown god.
  2699 | D:3      | Reached skill level 4 in Fire Magic
  2794 | D:3      | Noticed Robin
  2814 | D:3      | Reached XP level 5. HP: 31/38 MP: 5/9
  2880 | D:3      | Killed Robin
  2880 | D:3      | Reached * piety under Vehumet
  2880 | D:3      | Offered knowledge of Sandblast by Vehumet.
  2898 | D:3      | Learned a level 4 spell: Sticky Flame
  3135 | D:3      | Found a runed translucent gate.
  3135 | D:3      | Identified the +8 scale mail of the Untouchables {rPois rF-
                  | rC+++ Dex-5}
  3135 | D:3      | Noticed Happyhead's ghost (amateur DrCj)
  3136 | D:3      | Found a runed translucent gate.
  3137 | D:3      | Found a runed translucent gate.
  3144 | D:3      | Found a roughly hewn altar of Beogh.
  3407 | D:4      | Found a staircase to the Ecumenical Temple.
  3617 | D:4      | Found an iron altar of Okawaru.
  3635 | D:4      | Reached XP level 6. HP: 45/45 MP: 11/11
  3678 | D:4      | Found Natsae Kuip's Jewellery Boutique.
  4062 | D:4      | Found a stormy altar of Qazlal.
  4096 | D:5      | Entered Level 5 of the Dungeon
  4096 | D:5      | Noticed an ice beast
  4119 | D:4      | Killed an ice beast
  4392 | D:5      | Reached skill level 5 in Fire Magic
  4758 | D:5      | Your scales start taking on a fiery red colour.
  4758 | D:5      | Reached skill level 6 in Fire Magic
  4758 | D:5      | Reached XP level 7. HP: 31/50 MP: 13/13
  4758 | D:5      | Gained mutation: Your flesh is heat resistant. (rF+) [Red
                  | Draconian growth]
  4911 | D:5      | Noticed Eustachio
  4929 | D:5      | HP: 1/50 [centaur/arrow (10)]
  4929 | D:5      | Shot with an arrow by a centaur

Illustrated notes

Levels and vault maps discovered:
D:1:      minmay_arrival_radiant_lines, layout_basic
D:2:      layout_loops_ring, chequers_temple_overflow_minitemple,
          minmay_bisected
D:3:      layout_loops_ring, biasface_ghost_orc_armoury, dk_vineyard_3,
          uniq_robin
D:4:      layout_rooms, kennysheep_mini, minmay_temple_entry_hall, serial_shops,
          shop_statue, okawaru_ov_weapons_minmay
D:5:      layout_loops_ring, uniq_ijyb, uniq_duvessa, uniq_edmund,
          uniq_eustachio

Skill      XL: |  1  2  3  4  5  6 |
---------------+-------------------+-----
Conjurations   | 2 3 4 |  4.3
Spellcasting   | 3 4 |  4.4
Fire Magic     | 4 6 |  6.3
Dodging        | |  1.7
Stealth        | |  1.7

Action                   |  1- 3 |  4- 6 |  7- 9 || total
-------------------------+-------+-------+-------++-------
Melee: Unarmed           |    10 |       |       ||    10
       Tailslap          |     3 |    25 |       ||    28
       Dagger            |    39 |   180 |       ||   219
       Club              |     8 |       |       ||     8
 Cast: Foxfire           |    42 |    47 |       ||    89
  Use: Scroll            |     4 |     4 |       ||     8
       Potion            |       |       |     1 ||     1
 Stab: Sleeping          |     1 |     2 |       ||     3
Armor: Skin              |    32 |    57 |       ||    89
Dodge: Dodged            |    83 |   130 |     2 ||   215
